AoeStats
← PILLOSAURIO

Arabia

509128012Analyzed
2v2 RM · 6d ago on Sep 25, 2026· 41m 5s· 4 players
Game mode
Random Map
Map size
Medium (4 player)
Population
200
Speed
Normal
Resources
Standard
Victory
Conquest
Starting age
Dark Age
Ending age
Imperial Age
RankedLock teamsTeams togetherTeam positionsShared explorationLock speedFull tech treeHidden civsTurbo modeCheats
Victory
Defeat
🇪🇸 Byzantines · Spain
1161
+13
🇸🇪 Mongols · Sweden
1119
+15
🇪🇸 Magyars · Spain
1107
-14
🇪🇸 Persians · Spain
1092
-14
Rulito
1:42 Loom
6:38 Loom
6:40 Loom
9:48 Feudal Age
10:23 Double-Bit Axe
24:37 Castle Age
23:36 Fletching
25:51 Scale Barding Armor
29:21 Bloodlines
29:11 Husbandry
33:53 Bow Saw
34:29 Bodkin Arrow
chachex
7:05 Loom
9:16 Feudal Age
10:23 Double-Bit Axe
21:32 Castle Age
20:51 Forging
20:50 Scale Barding Armor
20:56 Forging
21:51 Bloodlines
22:25 Husbandry
27:05 Gold Mining
28:42 Scale Mail Armor
29:02 Chain Barding Armor
28:20 Elite Skirmisher
29:41 Fletching
30:24 Bodkin Arrow
34:32 Wheelbarrow
34:03 Town Watch
35:15 Ballistics
35:57 Iron Casting
37:03 Padded Archer Armor
38:08 Leather Archer Armor
38:27 Hand Cart
38:13 Town Patrol
42:19 Imperial Age
40:35 Thumb Ring
PILLOSAURIO
6:53 Loom
9:11 Feudal Age
9:52 Double-Bit Axe
16:55 Gold Mining
21:15 Castle Age
19:09 Horse Collar
22:05 Scale Barding Armor
22:10 Forging
22:18 Husbandry
23:29 Bow Saw
25:56 Gold Shaft Mining
27:30 Chain Barding Armor
28:41 Heavy Plow
29:09 Devotion
33:21 Wheelbarrow
33:03 Stone Mining
35:53 Imperial Age
34:05 Iron Casting
37:26 Plate Barding Armor
38:18 Heavy Camel Rider
QuitTouchingMe
8:40 Feudal Age
10:15 Loom
11:30 Forging
11:09 Double-Bit Axe
11:07 Horse Collar
14:51 Bloodlines
22:33 Castle Age
23:15 Fletching
23:27 Padded Archer Armor
23:42 Bow Saw
23:34 Heavy Plow
25:02 Scale Mail Armor
24:25 Pikeman
29:32 Bodkin Arrow
31:14 Husbandry
31:57 Town Watch
32:13 Stone Mining
32:44 Gold Mining
34:37 Wheelbarrow
35:20 Light Cavalry
38:52 Thumb Ring
39:04 Leather Archer Armor
39:57 Ballistics
41:04 Masonry
43:38 Imperial Age
Connection lost

Rejoining the realm…

Still unreachable

The connection could not be restored.

Session expired

The server has moved on; the page needs a fresh start.